 Dungeon Crawl Stone Soup version 0.17.1-3-g152610e (webtiles) character file.

199 Gargoyl the Skirmisher (level 5, -3/42 HPs)
             Began as a Demonspawn Abyssal Knight on Feb 19, 2016.
             Was a Believer of Lugonu.
             Slain by an orc warrior
             ... wielding a +0 glaive
              (18 damage)
             ... on level 4 of the Dungeon.
             The game lasted 00:05:02 (3446 turns).

Gargoyl the Skirmisher (Demonspawn Abyssal Knight)  Turns: 3446, Time: 00:05:02

Health: -3/42      AC: 10    Str: 18    XL:     5   Next: 48%
Magic:  7/7        EV: 16    Int: 14    God:    Lugonu [**....]
Gold:   157        SH:  0    Dex: 17    Spells: 0 memorised, 4 levels left

rFire  . . .     SeeInvis .     i - +3 flail (crush)
rCold  . . .     Clarity  .     y - +0 ring mail
rNeg   . . .     SustAt   .     (no shield)
rPois  .         Gourm    .     s - +0 helmet
rElec  .         Spirit   .     (no cloak)
rCorr  +         Warding  .     m - +0 pair of gloves
rMut   .         Stasis   .     (no boots)
MR     .....                    x - amulet of resist corrosion
Stlth  +.........               (no ring)
                                (no ring)

@: confused, mighty, agile, not resistant to hostile enchantments, very
unstealthy
A: hooves 1, molten scales 2, demonic guardian 1
a: Depart the Abyss, Bend Space, Renounce Religion


You were on level 4 of the Dungeon.
You worshipped Lugonu.
Lugonu was pleased with you.
You were not hungry.

You visited 1 branch of the dungeon, and saw 4 of its levels.
You visited the Abyss 1 time.

You collected 157 gold pieces.

Inventory:

Hand Weapons
 a - a +1 hand axe
 i - a +3 flail of crushing (weapon)
Armour
 m - a +0 pair of gloves (worn)
 s - a +0 helmet (worn)
 y - a +0 ring mail (worn)
Jewellery
 x - an amulet of resist corrosion (around neck)
Scrolls
 e - 2 scrolls of random uselessness {unknown}
 f - 2 scrolls of teleportation {unknown}
 h - 3 scrolls of fog {unknown}
 j - 2 scrolls of remove curse {unknown}
 n - 2 scrolls of identify {unknown}
 q - 2 scrolls of amnesia {unknown}
 r - 3 scrolls of enchant armour {unknown}
Potions
 b - a potion of brilliance {unknown}
 d - a potion of might
 g - a potion of cancellation {unknown}
 k - 2 potions of agility
 l - a potion of curing {unknown}
 o - 2 potions of ambrosia
 t - a potion of resistance {unknown}
 u - a potion of invisibility {unknown}
 v - a potion of heal wounds {unknown}
Comestibles
 c - 2 chunks of flesh
 p - a meat ration
 w - a beef jerky


   Skills:
 + Level 4.1 Fighting
 + Level 1.8(2.2) Axes
 + Level 1.8(2.2) Maces & Flails
 + Level 2.6 Armour
 + Level 2.3 Dodging
 + Level 0.8 Stealth
 + Level 3.2 Invocations


You had 4 spell levels left.
You didn't know any spells.

Dungeon Overview and Level Annotations

Branches:
Dungeon (4/15)
 Temple: D:4-7

Altars:
The Shining One


Innate Abilities, Weirdness & Mutations

You have large cloven feet.
You are mostly covered in molten scales (AC +3, EV -1).
A weak demonic guardian rushes to your aid.


Message History

You feel less invigorated. Something hits you but does no damage.
Your iron imp closely misses the orc warrior.
The orc warrior closely misses you.
Unknown command.
Something hits you but does no damage.
Your iron imp closely misses the orc warrior.
The orc warrior misses you.
Unknown command.
You hear some strange, mumbled words.
You are more confused.
Your iron imp hits the orc warrior but does no damage.
Unknown command.
Your iron imp disappears in a puff of smoke!
Something hits you.
The orc warrior hits you from afar with a glaive!
Unknown command.
Are you sure you want to stumble around while confused and next to your quasit?
You barely miss something. Your kick misses something. Something hits you.
The orc warrior hits you from afar with a glaive!!
You die...

# #. ...# #.#
##.# #.# .# #.#
.# #.# # #.# #.
#.# #.# ##.#
#5## #..#
##@####### #.##
#{.).<..(# #.#
......o######(#
#.# ....###
#.###.# ..#
#.....# .
#######


You could see an orc warrior and a friendly quasit.

Vanquished Creatures
  A phantom (D:4)
  3 gnolls (D:3)
  3 adders
  An ooze (D:1)
  3 giant geckos
  3 orcs
  A ball python (D:1)
  9 bats
  6 giant cockroaches
  12 goblins
  4 hobgoblins
  A jackal (D:4)
  8 kobolds
  2 quokkas
  5 giant newts
  A rat (D:2)
63 creatures vanquished.

Vanquished Creatures (collateral kills)
  A gnoll (D:3)
  2 orcs (D:4)
  3 jackals (D:4)
6 creatures vanquished.

Grand Total: 69 creatures vanquished

Notes
Turn   | Place    | Note
--------------------------------------------------------------
     0 | Abyss:1  | Gargoyl the Demonspawn Abyssal Knight began the quest for the Orb.
     0 | Abyss:1  | Reached XP level 1. HP: 18/18 MP: 2/2
    70 | Abyss:1  | Noticed a ynoxinul
    73 | Abyss:2  | Found a corrupted altar of Lugonu.
    87 | Abyss:2  | Noticed a flying skull
    89 | Abyss:2  | Noticed a quasit
    89 | D:1      | Escaped the Abyss
   281 | D:1      | Gained mutation: You are partially covered in molten scales (AC +1). [demonic ancestry]
   281 | D:1      | Reached XP level 2. HP: 24/24 MP: 4/4
   294 | D:1      | Reached * piety under Lugonu
   668 | D:1      | Reached skill level 1 in Dodging
   673 | D:1      | Gained mutation: A weak demonic guardian rushes to your aid. [demonic ancestry]
   673 | D:1      | Reached XP level 3. HP: 29/29 MP: 5/5
  2340 | D:3      | Found a glowing golden altar of the Shining One.
  2529 | D:3      | Gained mutation: You have large cloven feet. [demonic ancestry]
  2529 | D:3      | Reached XP level 4. HP: 37/37 MP: 6/6
  2794 | D:3      | Reached skill level 1 in Maces & Flails
  2799 | D:3      | Reached ** piety under Lugonu
  3296 | D:4      | Noticed a phantom
  3328 | D:4      | Killed a phantom
  3328 | D:4      | Reached skill level 4 in Fighting
  3328 | D:4      | Gained mutation: You are mostly covered in molten scales (AC +3, EV -1). [demonic ancestry]
  3328 | D:4      | Reached XP level 5. HP: 38/42 MP: 7/7
  3429 | D:4      | Noticed an orc warrior
  3446 | D:4      | Slain by an orc warrior

Action                   |  1- 3 |  4- 6 || total
-------------------------+-------+-------++-------
Melee: Flail             |   111 |    43 ||   154
       Hand axe          |       |    14 ||    14
Invok: Depart the Abyss  |     1 |       ||     1
  Use: Potion            |       |     3 ||     3
 Stab: Distracted        |       |     1 ||     1
  Eat: Bread ration      |     1 |     1 ||     2
       Chunk             |     1 |     1 ||     2
